 Dungeon Crawl Stone Soup version 0.19.5 (webtiles) character file.

555 Arvee the Sneak (level 7, -4/49 HPs)
             Began as an Octopode Monk on Apr 12, 2017.
             Was a Believer of Dithmenos.
             Killed from afar by Pikel (25 damage)
             ... with a wand of lightning
             ... on level 5 of the Dungeon.
             The game lasted 00:08:32 (4028 turns).

Arvee the Sneak (Octopode Monk)                     Turns: 4028, Time: 00:08:33

Health: -4/49      AC:  1    Str: 11    XL:     7   Next: 30%
Magic:  7/7        EV: 16    Int: 12    God:    Dithmenos [**....]
Gold:   227        SH:  0    Dex: 16    Spells: 0 memorised, 6 levels left

rFire  . . .     SeeInvis .       - Unarmed
rCold  . . .     Gourm    .     (no shield)
rNeg   . . .     Faith    .     (helmet restricted)
rPois  .         Spirit   .     j - amulet of rage
rElec  .         Reflect  .     (no ring)
rCorr  .         Harm     .     (no ring)
MR     .....                    (no ring)
Stlth  +++++.....               (no ring)
                                (no ring)
                                (no ring)
                                (no ring)
                                (no ring)

@: wreathed by umbra
A: almost no armour, stealthy swim, amphibious, 8 rings, constrict 8, camouflage
1, gelatinous body 1
a: Shadow Step, Renounce Religion, Evoke Berserk Rage


You were on level 5 of the Dungeon.
You worshipped Dithmenos.
Dithmenos was pleased with you.
You were not hungry.

You visited 1 branch of the dungeon, and saw 5 of its levels.

You collected 227 gold pieces.

Inventory:

Jewellery
 j - an amulet of rage (around mantle)
Wands
 a - a wand of lightning (12/15)
 k - a wand of flame (24/48)
Scrolls
 c - 3 scrolls of identify
 l - a scroll of recharging
 m - a scroll of teleportation {unknown}
Potions
 b - a potion of cure mutation
 e - a potion of agility
 h - a potion of magic
Comestibles
 d - 2 beef jerkies
 f - 4 fruits
 i - a bread ration


   Skills:
 + Level 4.9 Fighting
 + Level 4.6 Dodging
 + Level 6.1 Stealth
 + Level 4.6 Unarmed Combat


You had 6 spell levels left.
You didn't know any spells.

Dungeon Overview and Level Annotations

Branches:
Dungeon (5/15)
 Temple: D:4-7

Altars:
Dithmenos
Ru

Annotations:
D:5 Pikel


Innate Abilities, Weirdness & Mutations

You cannot wear most types of armour.
You are very stealthy in the water. (Stealth+)
You are amphibious.
You can wear up to eight rings at the same time.
You can use your tentacles to constrict eight enemies at once.
Your skin changes colour to match your surroundings (Stealth+).
Your rubbery body absorbs attacks. (AC +1, EV +1)


Message History

The slave is lightly wounded.
The slave barely misses you.
An orc priest comes into view.
You completely miss the slave. Your grab misses the slave.
You tentacle-slap the slave.
The slave is lightly wounded.
The slave hits you.
You closely miss the slave. Your grab misses the slave.
Your squeeze misses the slave.
The slave is lightly wounded.
The orc priest looks satisfied for a moment.
The slave hits you.
You tentacle-slap the slave but do no damage.
Your grab misses the slave.
The slave is lightly wounded.
The slave hits you.
Pikel zaps a wand.
The bolt of lightning misses you. The bolt of lightning hits you!
Ouch! That really hurt!
You die...

### #### ###.##
#..# ###....#
##..#####....###
#.pK..#...####
#.p.##....##
#p.######@##
#.o# #.## #..#
#..# ...# ##.###
..# #...#### ##
#......##
##......##
#.......#
#......##


You could see Pikel and a slave.

Vanquished Creatures
  A slave (D:5)
  2 scorpions (D:4)
  A howler monkey (D:5)
  2 orc priests
  A bullfrog skeleton (D:4)
  An orc wizard (D:4)
  Ijyb (D:2)
  Terence (D:2)
  3 worker ants
  A howler monkey skeleton (D:4)
  8 adders
  A worm (D:3)
  A dart slug (D:2)
  5 leopard geckos
  6 orcs
  3 bats
  4 giant cockroaches
  16 goblins
  3 hobgoblins
  5 jackals
  2 quokkas
  2 ball pythons (D:3)
  11 frilled lizards
  6 kobolds
  8 rats
95 creatures vanquished.

Notes
Turn   | Place    | Note
-------+----------+-------------------------------------------
     0 | D:1      | Arvee the Octopode Monk began the quest for the Orb.
     0 | D:1      | Reached XP level 1. HP: 16/16 MP: 1/1
   119 | D:1      | Reached XP level 2. HP: 21/21 MP: 2/2
   186 | D:1      | Reached skill level 3 in Stealth
   640 | D:1      | Reached XP level 3. HP: 24/26 MP: 3/3
   836 | D:2      | Noticed Ijyb
   844 | D:2      | Killed Ijyb
   845 | D:2      | HP: 1/26 [goblin/dagger (6)]
   855 | D:2      | Reached XP level 4. HP: 2/31 MP: 4/4
  1341 | D:2      | Reached skill level 4 in Stealth
  1393 | D:2      | Noticed Terence
  1404 | D:2      | Killed Terence
  1404 | D:2      | Reached XP level 5. HP: 26/37 MP: 5/5
  2050 | D:3      | Reached skill level 5 in Stealth
  2260 | D:3      | Reached XP level 6. HP: 43/43 MP: 6/6
  2958 | D:4      | Reached XP level 7. HP: 12/49 MP: 7/7
  3513 | D:4      | Reached skill level 6 in Stealth
  3815 | D:4      | Found a sacrificial altar of Ru.
  3906 | D:5      | Entered Level 5 of the Dungeon
  3907 | D:5      | Found a shadowy altar of Dithmenos.
  3922 | D:5      | Became a worshipper of Dithmenos the Shadowed
  3922 | D:5      | Reached * piety under Dithmenos
  3922 | D:5      | Reached ** piety under Dithmenos
  4011 | D:5      | Noticed Pikel
  4028 | D:5      | Killed from afar by Pikel

Skill      XL: |  1  2  3  4  5  6  7 |
---------------+----------------------+-----
Stealth        | 3 4 5 6 |  6.1
Unarmed Combat | 4 |  4.6
Fighting       | 4 |  4.9
Dodging        | 4 |  4.6

Action                   |  1- 3 |  4- 6 |  7- 9 || total
-------------------------+-------+-------+-------++-------
Melee: Unarmed           |    57 |   146 |    39 ||   242
       Constrict         |    18 |    42 |     8 ||    68
       Tentacles         |     7 |    32 |     6 ||    45
       Punch             |     3 |     6 |     2 ||    11
  Use: Potion            |     3 |     2 |     3 ||     8
       Scroll            |       |     9 |       ||     9
 Stab: Sleeping          |     6 |    13 |     5 ||    24
  Eat: Bread ration      |       |     2 |       ||     2
       Chunk             |       |       |     1 ||     1
Armor: Skin              |     3 |     5 |       ||     8
Dodge: Dodged            |    35 |    93 |    26 ||   154
